 Dungeon Crawl Stone Soup version 0.19.4-8-ga85b6b9 (webtiles) character file.

2739 dngmouse the Grappler (level 9, -8/78 HPs)
             Began as a Minotaur Transmuter on Feb 11, 2017.
             Was a Believer of Cheibriados.
             Killed from afar by an electric eel (10 damage)
             ... with a bolt of electricity
             ... on level 7 of the Dungeon.
             The game lasted 00:23:58 (5759 turns).

dngmouse the Grappler (Minotaur Transmuter)         Turns: 5759, Time: 00:23:59

Health: -8/78      AC:  7    Str: 19    XL:     9   Next: 40%
Magic:  10/10      EV: 14    Int: 14    God:    Cheibriados [**....]
Gold:   237        SH:  5    Dex: 18    Spells: 2 memorised, 7 levels left

rFire  . . .     SeeInvis .       - Unarmed
rCold  + . .     Gourm    .     k - +2 robe {rC+}
rNeg   . . .     Faith    .     g - +0 buckler
rPois  .         Spirit   .     (helmet restricted)
rElec  .         Reflect  .     (no cloak)
rCorr  .         Harm     .     e - +2 pair of gloves
MR     .....                    (boots currently unavailable)
Stlth  ++........               (no amulet)
                                (no ring)
                                (no ring)

@: appendage (expiring), very slow
A: retaliatory headbutt, horns 2, talons 3
a: End Transformation, Bend Time, Renounce Religion


You were on level 7 of the Dungeon.
You worshipped Cheibriados.
Cheibriados was pleased with you.
You were not hungry.
You had grown temporary talons.
You visited 2 branches of the dungeon, and saw 8 of its levels.

You collected 279 gold pieces.
You spent 42 gold pieces at shops.

Inventory:

Missiles
 a - 91 arrows
 t - 6 tomahawks (quivered)
 y - 3 javelins
Armour
 e - a +2 pair of gloves (worn)
 g - a +0 buckler (worn)
 k - a +2 robe of cold resistance (worn)
Jewellery
 l - an uncursed amulet of guardian spirit
Wands
 p - a wand of polymorph (18/24)
Scrolls
 f - 7 scrolls of identify
 h - 4 scrolls of remove curse
 i - 2 scrolls of fear
 n - 2 scrolls of enchant weapon
 r - a scroll of teleportation
 u - a scroll of magic mapping
 v - a scroll of amnesia
Potions
 m - a potion of berserk rage
 q - a potion of heal wounds
Books
 c - a book of Changes

   Spells                             Type                      Level
   a - Beastly Appendage              Transmutation                1
   b - Sticks to Snakes               Transmutation                2
   c - Spider Form                    Transmutation/Poison         3
   d - Ice Form                       Ice/Transmutation            4
   e - Blade Hands                    Transmutation                5
Comestibles
 b - a chunk of flesh
 d - 10 bread rations
 j - a beef jerky
 s - 3 meat rations
 z - a slice of pizza


   Skills:
 + Level 6.5 Fighting
 + Level 4.4 Dodging
 + Level 2.4 Shields
 + Level 10.0 Unarmed Combat
 - Level 1.3 Spellcasting
 + Level 5.8 Transmutations


You had 7 spell levels left.
You knew the following spells:

 Your Spells              Type           Power        Failure   Level  Hunger
a - Beastly Appendage     Tmut           ###...       2%          1    ##.....
b - Sticks to Snakes      Tmut           ###.....     4%          2    ###....


Dungeon Overview and Level Annotations

Branches:
Dungeon (7/15)             Temple (1/1) D:5

Altars:
Ashenzari
Cheibriados
Dithmenos
Elyvilon
Fedhas
Gozag
Hepliaklqana
Kikubaaqudgha
Makhleb
Nemelex Xobeh
Okawaru
Qazlal
Ru
Sif Muna
Uskayaw
Vehumet
Xom
Yredelemnul
Zin

Shops:
D:4 %*

Annotations:
D:4 Robin


Innate Abilities, Weirdness & Mutations

You reflexively headbutt those who attack you in melee.
You have a pair of horns on your head.
You have claws for feet.


Message History

The electric eel shoots out a bolt of lightning at you!
The bolt of electricity hits the plant.
The bolt of electricity hits you!
The electric eel shoots out a bolt of lightning at you!
The bolt of electricity hits the plant.
The bolt of electricity hits you!
The electric eel shoots out a bolt of lightning at you!
The bolt of electricity hits the plant.
The bolt of electricity hits you!
Your transformation is almost over.
The electric eel shoots out a bolt of lightning at you!
The bolt of electricity hits you!
The electric eel shoots out a bolt of lightning at you!
The bolt of electricity hits you!
The electric eel shoots out a bolt of lightning at you!
The bolt of electricity hits the plant.
The bolt of electricity hits you!
* * * LOW HITPOINT WARNING * * *
The jackal barks!
The electric eel shoots out a bolt of lightning at you!
The bolt of electricity hits you!
* * * LOW HITPOINT WARNING * * *
The bolt of electricity hits you!
You die...

#.♣♣≈≈≈...PP≈≈≈♣♣
#.♣♣≈≈h..≈P≈≈≈≈≈
#.#♣≈P≈..≈≈≈≈≈≈≈
#.#♣≈≈≈..≈≈≈≈≈≈≈
#########.# ♣≈....;≈≈P≈#
#......÷..# ♣...≈P≈≈≈♣
#....###### ##...≈≈≈≈≈♣
#.........# #....♣P≈P♣♣
#.........# #@###≈≈≈P♣ ####
####......###.# ♣≈≈≈♣ ##...
###........####≈P♣#####..##
#....##.......≈###....##
#..........###..##..#####
###
##....####....#..........
....
####..######..#...###...
.<...
##...####.......#.....
.....
#.........##......##..


You could see an electric eel and a jackal.

Vanquished Creatures
  The ghost of Feta the Digger, a novice GrEE (D:6)
  Prince Ribbit (D:5)
  A spriggan (D:7)
  A hungry ghost (D:7)
  Duvessa (D:7)
  2 sky beasts
  An eye of draining (D:5)
  An ogre (D:5)
  A centaur (D:7)
  3 bullfrogs (D:7)
  Dowan (D:7)
  2 scorpions
  4 wights (D:7)
  2 electric eels (D:7)
  A howler monkey (D:4)
  3 crimson imps
  A bullfrog zombie (D:6)
  A jelly (D:5)
  A quasit (D:7)
  2 orc priests
  A bullfrog skeleton (D:4)
  2 hounds (D:6)
  3 orc wizards
  5 worker ants
  A hound skeleton (D:7)
  11 adders
  3 gnolls (D:6)
  4 worms
  A dart slug (D:3)
  3 leopard geckos
  20 orcs
  4 bats
  4 giant cockroaches
  3 goblins
  9 hobgoblins
  5 jackals (D:7)
  2 quokkas
  7 frilled lizards
  A leopard gecko skeleton (D:6)
  2 leopard gecko zombies
  2 rats
124 creatures vanquished.

Notes
Turn   | Place    | Note
-------+----------+-------------------------------------------
     0 | D:1      | dngmouse the Minotaur Transmuter began the quest for the Orb.
     0 | D:1      | Reached XP level 1. HP: 16/16 MP: 1/1
   481 | D:1      | Reached XP level 2. HP: 18/23 MP: 0/3
   489 | D:1      | Learned a level 2 spell: Sticks to Snakes
   648 | D:2      | Reached skill level 4 in Unarmed Combat
   897 | D:2      | Reached XP level 3. HP: 27/28 MP: 2/4
   904 | D:2      | Found a faded altar of an unknown god.
  1552 | D:3      | Reached XP level 4. HP: 35/35 MP: 3/5
  1633 | D:3      | Reached skill level 5 in Unarmed Combat
  1787 | D:4      | Reached XP level 5. HP: 11/40 MP: 4/6
  2006 | D:4      | Found a shattered altar of Ashenzari.
  2008 | D:4      | Noticed Robin
  2021 | D:4      | Reached skill level 6 in Unarmed Combat
  2032 | D:4      | Found a white marble altar of Elyvilon.
  2036 | D:4      | Found an iron altar of Okawaru.
  2121 | D:4      | Found Ucsotits's Food Boutique.
  2275 | D:4      | Found Ilyrrunu's General Store.
  2283 | D:4      | Bought a scroll of fear for 42 gold pieces
  2363 | D:5      | Entered Level 5 of the Dungeon
  2428 | D:5      | Found a staircase to the Ecumenical Temple.
  2438 | D:5      | Reached XP level 6. HP: 47/47 MP: 5/7
  2441 | Temple   | Entered the Ecumenical Temple
  2494 | Temple   | Became a worshipper of Cheibriados the Contemplative
  2593 | D:5      | Noticed Prince Ribbit
  2615 | D:5      | Killed Prince Ribbit
  2615 | D:5      | Reached skill level 7 in Unarmed Combat
  2615 | D:5      | Reached XP level 7. HP: 42/56 MP: 8/8
  2969 | D:5      | Found a deep blue altar of Sif Muna.
  2971 | D:5      | Found a hide-covered altar of Uskayaw.
  3064 | D:5      | Reached skill level 8 in Unarmed Combat
  3245 | D:6      | Noticed Feta's ghost (novice GrEE)
  3265 | D:6      | Killed Feta's ghost
  3265 | D:6      | Reached XP level 8. HP: 67/67 MP: 9/9
  3310 | D:6      | Reached skill level 9 in Unarmed Combat
  3397 | D:6      | Found an iron altar of Okawaru.
  3476 | D:6      | Reached * piety under Cheibriados
  3476 | D:6      | Reached skill level 5 in Fighting
  3479 | D:6      | Reached skill level 1 in Shields
  3856 | D:6      | Found an opulent altar of Gozag.
  4007 | D:6      | Reached skill level 5 in Transmutations
  4346 | D:7      | Noticed Dowan
  4349 | D:7      | Noticed Duvessa
  4368 | D:7      | Killed Duvessa
  4368 | D:7      | Reached XP level 9. HP: 33/75 MP: 8/10
  4370 | D:7      | HP: 1/75 [Dowan/shard of ice (12)]
  4378 | D:7      | Killed Dowan
  5028 | D:7      | Reached skill level 10 in Unarmed Combat
  5072 | D:7      | Reached ** piety under Cheibriados
  5759 | D:7      | HP: 2/78 [electric eel/bolt of electricity (14)]
  5759 | D:7      | Killed from afar by an electric eel

Skill      XL: |  1  2  3  4  5  6  7  8  9 |
---------------+----------------------------+-----
Unarmed Combat | 4 5 6 7 8 9 10 | 10.0
Transmutations | 2 3 4 5 |  5.8
Fighting       | 2 4 5 6 |  6.5
Shields        | 2 |  2.4
Dodging        | 3 4 |  4.4
Spellcasting   | |  1.3

Action                   |  1- 3 |  4- 6 |  7- 9 || total
-------------------------+-------+-------+-------++-------
Melee: Unarmed           |    78 |    80 |   259 ||   417
       Kick              |    18 |    16 |    69 ||   103
       Headbutt          |     9 |    19 |    44 ||    72
       Punch             |     2 |     2 |     5 ||     9
 Cast: Beastly Appendage |    20 |    11 |    41 ||    72
       Sticks to Snakes  |       |       |     3 ||     3
Invok: Bend Time         |       |       |     5 ||     5
  Use: Potion            |     2 |     4 |    10 ||    16
       Scroll            |       |       |    11 ||    11
  Eat: Chunk             |     3 |     4 |    11 ||    18
Armor: Robe              |    24 |    19 |    44 ||    87
       Skin              |       |       |    19 ||    19
Dodge: Dodged            |    43 |    41 |   109 ||   193
Block: Buckler           |       |       |    23 ||    23
